 Dungeon Crawl Stone Soup version 0.23-a0-448-g1c01f63 (webtiles) character file.

42 Azzok the Sneak (level 3, 0/21 HPs)
             Began as an Octopode Enchanter on Nov 20, 2018.
             Succumbed to a kobold's poison
             ... on level 2 of the Dungeon.
             The game lasted 00:03:04 (2257 turns).

Azzok the Sneak (Octopode Enchanter)                Turns: 2257, Time: 00:03:04

Health: 0/21       AC:  1    Str:  7    XL:     3   Next: 54%
Magic:  0/6        EV: 13    Int: 18    God:
Gold:   83         SH:  0    Dex: 12    Spells: 0/6 levels left

rFire    . . .     SeeInvis .   a - +1 dagger
rCold    . . .     Gourm    .   (no shield)
rNeg     . . .     Faith    .   (helmet restricted)
rPois    .         Spirit   .   (no amulet)
rElec    .         Reflect  .   (no ring)
rCorr    .         Harm     .   (no ring)
MR       .....                  (no ring)
Stlth    ++++......             (no ring)
HPRegen  0.07/turn              (no ring)
MPRegen  0.10/turn              (no ring)
                                (no ring)
                                (no ring)

@: lethally poisoned (0 -> -27), flying, very slightly contaminated
A: almost no armour, stealthy swim, amphibious, 8 rings, constrict 8, camouflage
1, gelatinous body 1
a: no special abilities


You were on level 2 of the Dungeon.
You were not hungry.

You visited 1 branch of the dungeon, and saw 2 of its levels.

You collected 83 gold pieces.

Inventory:

Hand Weapons
 a - a +1 dagger (weapon)
Missiles
 i - 16 poisoned needles
Scrolls
 b - 3 scrolls of remove curse {unknown}
 g - a scroll of fear {unknown}
 h - 2 scrolls of identify {unknown}
 j - a scroll of enchant weapon {unknown}
 l - a scroll of noise {unknown}
 n - a scroll of teleportation {unknown}
 o - a scroll of magic mapping {unknown}
 r - a scroll of amnesia {unknown}
Potions
 d - a potion of degeneration {unknown}
 e - a potion of flight
 f - 2 potions of curing {unknown}
 k - a potion of lignification {unknown}
 m - a potion of might {unknown}
 q - a potion of heal wounds {unknown}
Comestibles
 c - 4 rations
 p - 3 chunks of flesh


   Skills:
 + Level 2.0 Short Blades
 - Level 2.0 Dodging
 + Level 4.7 Stealth
 + Level 2.2 Spellcasting
 + Level 3.4 Hexes


You couldn't memorise any spells.
You knew the following spells:

 Your Spells              Type           Power        Failure   Level  Hunger
a - Corona                Hex            ##.....      4%          1    #......
b - Ensorcelled Hibernat  Hex/Ice        #.....       13%         2    ##.....
c - Confuse               Hex            ##......     13%         3    ###....

Your spell library contained the following spells:

 Spells                   Type           Power        Failure   Level  Hunger
 Tukima's Dance           Hex            ##......     13%         3    ###....
 Dazzling Spray           Conj/Hex       #.....       26%         3    ###....


Dungeon Overview and Level Annotations

Branches:
Dungeon (2/15)

Altars:
Sif Muna


Innate Abilities, Weirdness & Mutations

You cannot wear most types of armour.
You are very stealthy in the water. (Stealth+)
You are amphibious.
You can wear up to eight rings at the same time.
You can use your tentacles to constrict eight enemies at once.
Your skin changes colour to match your surroundings (Stealth+).
Your rubbery body absorbs attacks. (AC +1, EV +1)


Message History

Press: ? - help, Shift-Dir - straight line, f/p - kobold
Aim: a kobold, wielding a +1 whip of venom (chance to defeat MR: 57%)
The kobold resists with significant effort.
* * * LOW MAGIC WARNING * * *
You feel sick.
The kobold hits you with a +1 whip of venom.
You are more poisoned.
You feel very sick.
The kobold throws a stone.
The stone closely misses you.
* * * LOW HITPOINT WARNING * * *
You feel sick.
The kobold throws a stone.
The stone barely misses you.
You see here a stone.
* * * LOW HITPOINT WARNING * * *
You feel sick.
* * * LOW HITPOINT WARNING * * *
You feel sick.
It was a potion of flight.
You feel very buoyant.
You fly up into the air.
You die...

▒▒▒▒▒▒▒▒▒ ▒·······▒
▒·······▒ ▒(▒▒▒▒··▒▒▒ ▒▒▒
▒▒▒·▒▒······▒▒▒▒▒▒▒▒▒▒
···········▒··▒·@·((·····▒
·▒▒··▒▒·▒▒▒▒··▒▒▒▒▒K·▒▒▒·▒
···········÷··▒ ▒)·▒
▒·▒·▒·▒·▒····▒▒ ▒K··▒
▒·▒·▒ ▒·▒··▒▒▒ ▒·▒·▒ ▒·▒·▒
▒·▒·▒▒▒▒▒ ▒·····
▒·▒·▒·▒·▒·····▒ ▒▒▒·▒▒▒
▒·▒·▒·▒·▒·····▒ ▒
··············▒


You could see a kobold.

Vanquished Creatures
  A worm (D:2)
  3 dart slugs
  2 ball pythons (D:2)
  A giant cockroach (D:2)
  4 hobgoblins
  2 jackals (D:1)
  6 kobolds (D:2)
  2 bats (D:1)
  3 frilled lizards
  5 goblins
  4 rats
33 creatures vanquished.

Notes
Turn   | Place    | Note
-------+----------+-------------------------------------------
     0 | D:1      | Azzok the Octopode Enchanter began the quest for the Orb.
     0 | D:1      | Reached XP level 1. HP: 11/11 MP: 3/3
   256 | D:1      | Reached XP level 2. HP: 17/17 MP: 5/5
   260 | D:1      | Learned a level 2 spell: Ensorcelled Hibernation
  1225 | D:2      | Found a deep blue altar of Sif Muna.
  1404 | D:2      | Reached XP level 3. HP: 21/21 MP: 3/6
  2204 | D:2      | Learned a level 3 spell: Confuse
  2256 | D:2      | HP: 1/21 [poisoned by a kobold]
  2257 | D:2      | Succumbed to a kobold's poison

Vault maps used:
D:1:      dpeg_arrival_renting
D:2:      minmay_spotlight, led_sif_pool, minmay_misc_feat_rows

Skill      XL: |  1  2  3 |
---------------+----------+-----
Short Blades   | 2 |  2.0
Dodging        | |  2.0
Stealth        | |  4.7
Spellcasting   | |  2.2
Hexes          | |  3.4

Action                   || total
-------------------------++-------
Melee: Dagger            ||    58
       Constrict         ||    12
       Tentacles         ||     5
 Cast: Ensorcelled Hiber ||     9
       Corona            ||     2
  Use: Potion            ||     1
 Stab: Sleeping          ||    15
       Distracted        ||     1
  Eat: Ration            ||     1
       Chunk             ||     1
Armor: Skin              ||     2
Dodge: Dodged            ||    41

Table legend:
 A = Non-vault XP
 B = Vault XP
 C = Vault XP percentage of total XP
 D = Non-vault monster count
 E = Vault monster count
 F = Vault count percentage of total count
                 A         B        C        D         E       F
            +---------+---------+-------+---------+---------+-------
      Total |      56 |       4 |   6.7 |      31 |       2 |   6.1
            +---------+---------+-------+---------+---------+-------
        D:1 |      26 |       0 |   0.0 |      14 |       0 |   0.0
        D:2 |      30 |       4 |  11.8 |      17 |       2 |  10.5
            +---------+---------+-------+---------+---------+-------
